 Dungeon Crawl Stone Soup version 0.30-a0-422-g946f4849ff (webtiles) character file.

Game seed: 14628342562488385157

73 lunkers the Cudgeller (level 4, 0/38 HPs)
             Began as a Meteoran Fighter on Dec 8, 2022.
             Was an Initiate of Trog.
             Slain by a scorpion (1 damage)
             ... on level 4 of the Dungeon.
             The game lasted 00:02:02 (1077 turns).

lunkers the Cudgeller (Meteoran Fighter)            Turns: 1077, Time: 00:02:02

Health: 0/38       AC:  6    Str: 20    XL:     4   Next: 81%
Magic:  5/5        EV:  9    Int:  9    God:    Trog [......]
Gold:   96         SH:  0    Dex: 13    Spells: 3/3 levels left

rFire   . . .      SeeInvis .    a - +0 battleaxe
rCold   . . .      Faith    .    (shield currently unavailable)
rNeg    . . .      Spirit   .    b - +0 scale mail
rPois   .          Reflect  .    (no helmet)
rElec   .          Harm     .    (no cloak)
rCorr   .          Rampage  .    (no gloves)
Will    .....                    (no boots)
Stlth   ..........               (no amulet)
HPRegen 0.26/turn                (no ring)
MPRegen 0.09/turn                (no ring)

@: lethally poisoned (0 -> -9), glowing
A: sense surroundings 1, otherworldly, glowing, explore regen
a: Renounce Religion


You were on level 4 of the Dungeon.
You worshipped Trog.
Trog was noncommittal.
You visited 1 branch of the dungeon, and saw 4 of its levels.

You collected 96 gold pieces.

Inventory:

Hand Weapons
 a - a +0 battleaxe (weapon)
 l - a +0 flail
Armour
 b - a +0 scale mail (worn)
 c - a +0 buckler
Jewellery
 g - a ring of fire
Wands
 p - a wand of paralysis (7)
Scrolls
 h - 3 scrolls of teleportation {unknown}
 i - a scroll of brand weapon {unknown}
 k - a scroll of vulnerability {unknown}
 m - a scroll of immolation {unknown}
 n - 2 scrolls of amnesia {unknown}
Potions
 d - a potion of might
 e - a potion of brilliance {unknown}
 f - a potion of attraction {unknown}
 j - a potion of haste {unknown}
 o - a potion of heal wounds {unknown}


   Skills:
 - Level 3.2 Fighting
 + Level 3.7(4.4) Axes
 - Level 3.9(4.8) Maces & Flails
 - Level 3.6 Armour
 - Level 3.6 Shields


You had 3 spell levels left.
You didn't know any spells.
Your spell library was empty.

Dungeon Overview and Level Annotations

Branches:
Dungeon (4/15) Zot: 1263
 Temple: D:4-7

Altars:
Trog
Vehumet
Yredelemnul


Innate Abilities, Weirdness & Mutations

You passively map a small area around you.
You are easily found by Zot.
You glow in the dark.
You regain HP and MP as you explore.


Message History

No target in view!
No target in view!
No target in view!
A scorpion comes into view.
Found a stone staircase leading up.
The scorpion barely misses you. The scorpion stings you.
You barely miss the scorpion. The scorpion stings you.
You are poisoned.
The scorpion poisons you!
You slash the scorpion!
The scorpion is almost dead.
You feel very sick. The scorpion barely misses you. The scorpion stings you.
You are more poisoned.
The scorpion poisons you!
You barely miss the scorpion.
The scorpion is almost dead.
You feel very sick. The scorpion barely misses you. The scorpion stings you.
* * * LOW HITPOINT WARNING * * *
You barely miss the scorpion.
The scorpion is almost dead.
You feel very sick. The scorpion stings you.
* * * LOW HITPOINT WARNING * * *
You are lethally poisoned!
The scorpion poisons you!
The scorpion stings you but does no damage.
You closely miss the scorpion.
The scorpion is almost dead.
* * * LOW HITPOINT WARNING * * *
You feel very sick. The scorpion barely misses you.
You closely miss the scorpion.
The scorpion is almost dead.
* * * LOW HITPOINT WARNING * * *
You feel very sick.
The scorpion stings you but does no damage.
The scorpion stings you.
You die...

#..# #..# ,
#.†# ##<# , *
#..#####.#
##....##.# ,
#..##....###
,
##.######...#
###..# #.#.#
* ###...##
#.#.# *
#..@### #.#.#
....<.s.#
#.#.##
........#
#....###
........#
##......
........#
#......
........#
#......
........#
#......
........#
#######


You could see a scorpion.

Vanquished Creatures
  3 adders
  2 dart slugs (D:1)
  4 bats
  5 endoplasms
  A giant cockroach (D:4)
  2 goblins
  7 hobgoblins
  4 kobolds
  2 quokkas
  4 ball pythons
  A frilled lizard (D:2)
  4 rats (D:1)
39 creatures vanquished.

Notes
Turn   | Place    | Note
-------+----------+-------------------------------------------
     0 | D:1      | lunkers the Meteoran Fighter began the quest for the Orb.
     0 | D:1      | Reached XP level 1. HP: 19/19 MP: 2/2
   110 | D:1      | Reached XP level 2. HP: 26/26 MP: 3/3
   254 | D:1      | Reached skill level 1 in Axes
   254 | D:1      | Reached XP level 3. HP: 31/31 MP: 4/4
   470 | D:1      | Glimpsed the power of Zot.
   569 | D:2      | Reached XP level 4. HP: 35/38 MP: 5/5
   951 | D:3      | Found a radiant altar of Vehumet.
   953 | D:3      | Found a basalt altar of Yredelemnul.
   954 | D:3      | Found a bloodstained altar of Trog.
   961 | D:3      | Became a worshipper of Trog the Wrathful
  1068 | D:4      | Noticed a scorpion
  1077 | D:4      | HP: 1/38 [poisoned by a scorpion]
  1077 | D:4      | Slain by a scorpion

Illustrated notes

Levels and vault maps discovered:
D:1:      amcnicky_arrival_single_pillar, layout_loops_ring, serial_glass,
          glass_columns_a, glass_columns_b
D:2:      minmay_diamond_boxcup, layout_rooms, st_stairs_5
D:3:      layout_loops_ring, minitemple, dreamdust_ecumenical_altar_grove,
          uniq_sigmund, uniq_natasha
D:4:      layout_rooms, nicolae_dithmenos_shadow_blocks,
          chequers_temple_overflow_minitemple, minmay_misc_feat_cross,
          minivault_5, nicolae_shop_firing_range, uniq_blork_the_orc

Skill      XL: |  1  2  3  4 |
---------------+-------------+-----
Maces & Flails | 3 |  3.9
Axes           | 1 2 3 |  3.7
Fighting       | |  3.2
Armour         | |  3.6
Shields        | |  3.6

Action                   |  1- 3 |  4- 6 || total
-------------------------+-------+-------++-------
Melee: Flail             |    18 |       ||    18
       Battleaxe         |    52 |    49 ||   101
Armor: Scale mail        |    37 |    28 ||    65
Dodge: Dodged            |    28 |    29 ||    57
Block: Buckler           |     3 |       ||     3

Table legend: (Time is in decaauts)
 A = Elapsed time spent in this place.
 B = Non-inter-level travel time spent in this place.
 C = Inter-level travel time spent in this place.
 D = Time resting spent in this place.
 E = Time spent auto-exploring this place.
 F = Levels seen in this place.
 G = Mean time per level.
                   A        B        C        D        E       F      G
               +--------+--------+--------+--------+--------+-----+--------+
         Total |   1134 |   1083 |     51 |      0 |    758 |   4 |  283.5 |
       Dungeon |   1134 |   1083 |     51 |      0 |    758 |   4 |  283.5 |
               +--------+--------+--------+--------+--------+-----+--------+

Top non-repeatable levels by time:
     D:1: 515 daAuts
     D:2: 360 daAuts
     D:3: 198 daAuts
     D:4: 60 daAuts
